AoeStats
← MilkyDady8720

Lombardia

509525795Analyzed
2v2 RM · 4d ago on Sep 27, 2026· 29m 0s· 4 players
Game mode
Random Map
Map size
Medium (4 player)
Population
200
Speed
Normal
Resources
Standard
Victory
Conquest
Starting age
Dark Age
Ending age
Imperial Age
RankedLock teamsTeams togetherTeam positionsShared explorationLock speedFull tech treeHidden civsTurbo modeCheats
Victory
Defeat
🇦🇷 Byzantines · Argentina
905
+17
🇦🇷 Mongols · Argentina
865
+17
🇺🇸 Goths · United States
915
-17
🇺🇸 Hindustanis · United States
915
-17
JAAD7
9:38 Feudal Age
7:55 Loom
19:46 Castle Age
17:40 Double-Bit Axe
19:03 Fletching
19:02 Town Watch
23:58 Town Patrol
23:55 Bodkin Arrow
25:40 Padded Archer Armor
26:49 Leather Archer Armor
26:40 Gold Mining
29:02 Thumb Ring
MilkyDady8720
5:46 Loom
10:38 Feudal Age
11:37 Double-Bit Axe
14:35 Wheelbarrow
21:28 Castle Age
21:06 Fletching
20:59 Horse Collar
21:36 Crossbowman
22:15 Bodkin Arrow
22:20 Padded Archer Armor
25:03 Bow Saw
26:19 Ballistics
26:17 Leather Archer Armor
28:49 Hand Cart
29:28 Thumb Ring
LiberalMeltdown
4:06 Loom
11:36 Feudal Age
18:36 Castle Age
22:59 Horse Collar
24:41 Double-Bit Axe
WAR!!!
0:28 Loom
11:37 Feudal Age
12:43 Double-Bit Axe
14:21 Horse Collar
22:25 Castle Age
22:21 Forging
22:13 Scale Mail Armor
23:06 Pikeman
23:47 Squires
29:25 Fletching
Connection lost

Rejoining the realm…

Still unreachable

The connection could not be restored.

Session expired

The server has moved on; the page needs a fresh start.